AoeStats
← bosmansc6

MegaRandom

504064216Analyzed
2v2 RM · 1mo ago on Sep 3, 2026· 39m 29s· 4 players
Game mode
Random Map
Map size
Medium (4 player)
Population
200
Speed
Normal
Resources
Standard
Victory
Conquest
Starting age
Dark Age
Ending age
Imperial Age
RankedLock teamsTeams togetherTeam positionsShared explorationLock speedFull tech treeHidden civsTurbo modeCheats
Victory
Defeat
🇮🇳 Armenians · India
1251
+17
🇨🇦 Lithuanians · Canada
1208
+18
🇳🇱 Vietnamese · Netherlands
1262
-17
🇧🇪 Franks · Belgium
1262
-18
TheTerrorizer72
10:22 Feudal Age
11:35 Loom
17:11 Castle Age
15:25 Double-Bit Axe
16:41 Gold Mining
22:51 Scale Barding Armor
22:57 Forging
24:12 Bloodlines
24:43 Town Watch
27:44 Chain Barding Armor
28:21 Stone Mining
35:05 Imperial Age
33:52 Bow Saw
33:23 Horse Collar
34:22 Wheelbarrow
35:14 Cavalier
36:39 Plate Barding Armor
36:40 Iron Casting
36:50 Stone Shaft Mining
36:41 Husbandry
37:56 Conscription
38:12 Heavy Plow
manit
8:36 Loom
11:45 Feudal Age
11:48 Man-at-Arms
12:18 Arson
12:37 Double-Bit Axe
12:32 Long Swordsman
13:50 Scale Mail Armor
14:24 Horse Collar
18:25 Gold Mining
20:35 Wheelbarrow
20:40 Stone Mining
21:00 Fishing Lines
23:34 Castle Age
22:06 Fishing Lines
23:00 Forging
22:45 Arson
24:51 Gold Shaft Mining
24:18 Heavy Plow
24:11 Gambesons
25:41 Two-Handed Swordsman
27:45 Squires
30:34 Hand Cart
36:21 Bow Saw
36:40 Chain Mail Armor
bosmansc6
8:39 Loom
10:48 Feudal Age
11:37 Double-Bit Axe
11:33 Horse Collar
14:22 Wheelbarrow
15:31 Fletching
23:09 Castle Age
22:31 Gold Mining
23:17 Crossbowman
23:54 Bodkin Arrow
24:26 Hand Cart
28:11 Thumb Ring
28:08 Padded Archer Armor
29:03 Heavy Plow
29:13 Bow Saw
29:05 Town Watch
29:11 Stone Mining
33:40 Ballistics
38:30 Imperial Age
37:41 Leather Archer Armor
FragileCookie
6:50 Loom
10:00 Feudal Age
10:34 Double-Bit Axe
13:49 Scale Barding Armor
22:09 Castle Age
21:29 Forging
24:45 Iron Casting
29:48 Gold Mining
30:57 Bow Saw
36:37 Wheelbarrow
36:30 Scale Mail Armor
36:17 Pikeman
36:55 Town Watch
41:45 Imperial Age
Connection lost

Rejoining the realm…

Still unreachable

The connection could not be restored.

Session expired

The server has moved on; the page needs a fresh start.